 Dungeon Crawl Stone Soup version 0.17-a0-915-g8914353 (webtiles) character file.

15588 ohyou the Covert (level 12, -5/51 HPs)
             Began as a Spriggan Enchanter on May 4, 2015.
             Was a High Priest of Dithmenos.
             Slain by a blink frog (11 damage)
             ... on level 1 of the Lair of Beasts.
             The game lasted 02:07:14 (17751 turns).

ohyou the Covert (Spriggan Enchanter)              Turns: 17751, Time: 02:07:14

Health: -5/51      AC:  7    Str:  4    XL:     12   Next: 2%
Magic:  12/28      EV: 31    Int: 17    God:    Dithmenos [*****.]
Gold:   514        SH:  0    Dex: 21    Spells: 6 memorised, 16 levels left

rFire  . . .     SeeInvis +     j - +1 dagger (venom)
rCold  . . .     Clarity  .     F - +4 robe of Night {+Inv MR+ SInv Stlth+}
rNeg   . . .     SustAb   .     (shield restricted)
rPois  +         Gourm    .     (helmet restricted)
rElec  .         Spirit   .     k - +0 cloak
rCorr  .         Warding  .     (gloves unavailable)
rMut   .         Stasis   .     (boots unavailable)
MR     ++++.                    (no amulet)
Stlth  ++++++++++               o - ring of poison resistance
                                s - ring of protection from magic

@: wreathed by umbra, very quick, incredibly resistant to hostile enchantments,
uncannily stealthy
A: unfitting armour, see invisible, herbivore 3, speed 3, slow metabolism 2
a: Shadow Step, Shadow Form, Renounce Religion, Evoke Invisibility


You were on level 1 of the Lair of Beasts.
You worshipped Dithmenos.
Dithmenos was extremely pleased with you.
You were full.

You visited 3 branches of the dungeon, and saw 12 of its levels.

You collected 891 gold pieces.
You spent 377 gold pieces at shops.

Inventory:

Hand weapons
 j - a +1 dagger of venom (weapon)
Armour
 i - a +2 buckler
 k - a +0 cloak (worn)
 l - a +2 robe of positive energy
 F - the +4 robe of Night (worn) {+Inv MR+ SInv Stlth+}
   (You found it on level 10 of the Dungeon)

   It affects your resistance to hostile enchantments.
   It enhances your eyesight.
   It lets you turn invisible.
   It makes you more stealthy.
Jewellery
 o - a ring of poison resistance (right hand)
 s - a ring of protection from magic (left hand)
 u - a cursed ring of loudness {unknown}
Magical devices
 a - a wand of digging (13)
 r - a wand of teleportation (0)
 w - a wand of enslavement (17)
 E - a wand of disintegration (9)
 J - a wand of disintegration (8)
Scrolls
 b - 4 scrolls of identify
 e - 2 scrolls of recharging
 p - 4 scrolls of amnesia
 z - a scroll of magic mapping
 B - a scroll of blinking
 C - a scroll of remove curse
 D - a scroll of teleportation
 H - a scroll of enchant weapon {unknown}
 I - a scroll of enchant armour {unknown}
 K - a scroll of immolation {unknown}
Potions
 f - a potion of haste
 g - 2 potions of lignification {unknown}
 h - a potion of ambrosia {unknown}
 m - 3 potions of curing
 n - a potion of flight {unknown}
 q - a potion of mutation {unknown}
 t - 4 potions of poison {unknown}
 v - a potion of degeneration {unknown}
 x - a potion of cancellation {unknown}
 G - a potion of agility
Books
 c - a book of Maledictions

   Spells                             Type                      Level
   a - Corona                         Hexes                        1
   b - Ensorcelled Hibernation        Hexes/Ice                    2
   c - Confuse                        Hexes                        3
   d - Tukima's Dance                 Hexes                        3
   e - Dazzling Spray                 Conjuration/Hexes            3
 y - a book of Burglary

   Spells                             Type                      Level
   a - Swiftness                      Charms/Air                   2
   b - Passwall                       Transmutation/Earth          3
   c - Passage of Golubria            Translocation                4
   d - Lee's Rapid Deconstruction     Earth                        5
   e - Invisibility                   Hexes                        6
   f - Darkness                       Hexes                        7
Comestibles
 d - 6 bread rations
 A - 6 royal jellies


   Skills:
 * Level 10.9 Short Blades
 * Level 12.5 Dodging
 * Level 14.4 Stealth
 + Level 11.0 Spellcasting
 + Level 8.9 Hexes


You had 16 spell levels left.
You knew the following spells:

 Your Spells              Type           Power        Failure   Level  Hunger
a - Corona                Hex            #####..      1%          1    None
b - Ensorcelled Hibernat  Hex/Ice        ###...       1%          2    None
c - Tukima's Dance        Hex            #####...     1%          3    None
d - Confuse               Hex            #####...     1%          3    None
e - Invisibility          Hex            #####...     34%         6    ######.
f - Swiftness             Chrm/Air       #.......     14%         2    None


Dungeon Overview and Level Annotations

Branches:
Dungeon (10/15)            Temple (1/1) D:5            Lair (1/8) D:10
    Orc (0/4) D:9

Altars:
Ashenzari
Cheibriados
Dithmenos
Elyvilon
Fedhas
Gozag
Kikubaaqudgha
Makhleb
Nemelex Xobeh
Okawaru
Qazlal
Ru
Trog
Vehumet
Xom
Yredelemnul
Zin
The Shining One

Shops:
D:4 [   D:6 *   D:8 %

Annotations:
D:6 ghost, ice bear, stickyfingers's ghost, experienced NaAs
D:7 horde of wights, exclusions: wight and 3 more exclusions
Lair:1 1 exclusion


Innate Abilities, Weirdness & Mutations

You are tiny and cannot use many weapons and most armour.
You have supernaturally acute eyesight.
You are a herbivore.
You cover ground extremely quickly.
You need consume almost no food.


Message History

The blink frog looks drowsy...
The blink frog blinks!
The helpless blink frog fails to defend itself.
You spit the blink frog like a pig!!!!!
You kill the blink frog!
Dithmenos accepts your kill. The blink frog misses you.
You hit the blink frog.
The blink frog looks even sicker.
The blink frog is almost dead.
The blink frog hits you!
The blink frog blinks!
The blink frog hits you!
The blink frog blinks!
The blink frog hits you!
* * * LOW HITPOINT WARNING * * *
You are too injured to fight recklessly!
You hit the blink frog but do no damage.
The blink frog is almost dead.
The blink frog stops glowing.
The blink frog completely misses you.
The blink frog momentarily phases out as your attack passes through it.
The blink frog is almost dead.
The blink frog hits you!
You die...

. #.†.# ##..........# #..#
#.#........## #..#####........##
#...#.#.........# #
##..............### #####
########.....†..†.....#.#
....###..##..............#...##
..†..............†.....###....##
................@F....##
##....## ...............§....###
###.... ....................#
##... ....................# ##..
###.........#P##....## ##.
###############....# ## #....##
# ##....## #.....#


You could see a blink frog.

Vanquished Creatures
  Erica (D:8)
  Maurice (D:9)
  Joseph (D:7)
  A black mamba (Lair:1)
  A spiny frog (Lair:1)
  A troll (D:10)
  A komodo dragon (Lair:1)
  A merfolk (D:10)
  4 blink frogs (Lair:1)
  A queen bee (D:8)
  4 two-headed ogres (D:10)
  7 yaks
  A deep elf mage (D:9)
  2 hippogriffs
  2 hogs
  A hungry ghost (D:9)
  2 wargs (D:9)
  4 water moccasins
  5 orc warriors
  15 black bears
  2 porcupines (Lair:1)
  5 ice beasts
  5 ogres
  11 centaurs
  3 sky beasts
  A necrophage (D:8)
  A crocodile (Lair:1)
  10 giant frogs
  5 big kobolds
  2 gnoll sergeants (D:10)
  22 killer bees
  5 wights (D:9)
  10 scorpions
  6 electric eels (D:10)
  3 hounds
  2 giant frog zombies
  3 crimson imps
  5 orc priests
  8 orc wizards
  A giant frog skeleton (D:5)
  A jelly (D:4)
  2 gnoll shamans
  5 worker ants
  Natasha (twice) (D:3)
  An iguana (Lair:1)
  6 sheep (D:10)
  The ghost of 4thArraOfDagon the Grave Robber, a weakling MfNe (D:3)
  A hound skeleton (D:5)
  9 gnolls
  7 river rats (Lair:1)
  2 shadow imps
  16 adders
  4 oozes
  2 adder skeletons
  3 giant geckos
  31 orcs
  A bat skeleton (D:5)
  8 giant cockroaches
  22 goblins
  20 hobgoblins
  18 jackals
  29 kobolds
  3 ball pythons
  18 bats
  4 giant newts
  5 quokkas
  11 rats
  8 ballistomycetes (D:6)
406 creatures vanquished.

Vanquished Creatures (collateral kills)
  A gnoll sergeant (D:10)
  An orc (D:4)
2 creatures vanquished.

Vanquished Creatures (others)
  2 giant spores (D:6)
  A fungus (D:5)
  2 plants (D:10)
5 creatures vanquished.

Grand Total: 413 creatures vanquished

Notes
Turn   | Place    | Note
--------------------------------------------------------------
     0 | D:1      | ohyou, the Spriggan Enchanter, began the quest for the Orb.
     0 | D:1      | Reached XP level 1. HP: 9/9 MP: 5/5
   474 | D:1      | Reached XP level 2. HP: 8/13 MP: 5/7
   560 | D:1      | Learned a level 2 spell: Ensorcelled Hibernation
  1172 | D:1      | Reached XP level 3. HP: 14/16 MP: 8/8
  1699 | D:2      | Reached skill level 5 in Stealth
  1780 | D:2      | Reached XP level 4. HP: 21/21 MP: 7/10
  1901 | D:2      | You fall through a shaft!
  2282 | D:2      | Found an ancient bone altar of Kikubaaqudgha.
  3105 | D:3      | Noticed 4thArraOfDagon's ghost (weakling MfNe)
  3243 | D:3      | Killed 4thArraOfDagon's ghost
  3243 | D:3      | Reached XP level 5. HP: 18/24 MP: 12/12
  3485 | D:3      | Noticed Natasha
  3495 | D:3      | Killed Natasha
  3712 | D:3      | Reached skill level 6 in Stealth
  4408 | D:3      | Noticed Natasha
  4435 | D:3      | Killed Natasha
  4490 | D:3      | Learned a level 3 spell: Tukima's Dance
  4570 | D:4      | Reached XP level 6. HP: 14/28 MP: 9/14
  4763 | D:4      | Reached skill level 5 in Spellcasting
  4822 | D:4      | Found a shimmering altar of Xom.
  4933 | D:4      | Found a shadowy altar of Dithmenos.
  4942 | D:4      | Became a worshipper of Dithmenos the Shadowed
  5413 | D:4      | Found Judideez's Antique Armour Emporium.
  5420 | D:4      | Bought an embroidered robe for 18 gold pieces
  5436 | D:4      | Bought a runed buckler for 121 gold pieces
  5436 | D:4      | Bought a glowing robe for 18 gold pieces
  5592 | D:4      | Found a runed door.
  5680 | D:4      | Reached skill level 5 in Hexes
  5881 | D:5      | Entered Level 5 of the Dungeon
  5940 | D:5      | Reached skill level 7 in Stealth
  5940 | D:5      | Reached XP level 7. HP: 32/32 MP: 13/16
  5989 | D:5      | Found a glowing golden altar of the Shining One.
  6116 | D:5      | Found a staircase to the Ecumenical Temple.
  6124 | D:5      | Reached skill level 5 in Dodging
  6358 | D:5      | Found a burning altar of Makhleb.
  6554 | D:5      | Reached skill level 8 in Stealth
  6630 | D:5      | Reached XP level 8. HP: 33/36 MP: 14/18
  6647 | D:5      | Reached skill level 5 in Short Blades
  6849 | D:5      | Found an opulent altar of Gozag.
  7030 | D:5      | Reached skill level 9 in Stealth
  7236 | Temple   | Entered the Ecumenical Temple
  7614 | D:6      | Acquired Dithmenos's first power
  7655 | D:6      | Noticed stickyfingers's ghost (experienced NaAs)
  7698 | D:6      | Found Xaerghee's Serpentskin Sales.
  9132 | D:7      | Reached skill level 10 in Stealth
  9132 | D:7      | Reached XP level 9. HP: 39/39 MP: 21/21
  9840 | D:6      | Bought an uncursed ring of poison resistance for 220 gold pieces
 11007 | D:7      | Acquired Dithmenos's second power
 11701 | D:8      | Noticed Erica
 11702 | D:8      | Found a blossoming altar of Fedhas.
 11703 | D:8      | Killed Erica
 11703 | D:8      | Reached skill level 11 in Stealth
 11709 | D:8      | Reached XP level 10. HP: 44/44 MP: 22/24
 12124 | D:8      | Noticed Joseph
 12159 | D:7      | Killed Joseph
 12159 | D:7      | Reached skill level 12 in Stealth
 12574 | D:8      | Learned a level 3 spell: Confuse
 12582 | D:8      | Found a basalt altar of Yredelemnul.
 12717 | D:8      | Found Kohauk's Food Shop.
 12922 | D:9      | Reached skill level 10 in Dodging
 13479 | D:9      | Reached skill level 10 in Spellcasting
 13489 | D:9      | Found a staircase to the Orcish Mines.
 13520 | D:9      | Acquired Dithmenos's third power
 13812 | D:9      | Noticed Maurice
 13820 | D:9      | Killed Maurice
 14105 | D:9      | Reached XP level 11. HP: 47/47 MP: 26/26
 14192 | D:10     | Entered Level 10 of the Dungeon
 14689 | D:10     | Reached skill level 13 in Stealth
 15209 | D:10     | Found a sacrificial altar of Ru.
 15218 | D:10     | Found a staircase to the Lair.
 15522 | D:10     | Learned a level 6 spell: Invisibility
 15525 | D:10     | Learned a level 2 spell: Swiftness
 15562 | D:10     | Reached skill level 10 in Short Blades
 16525 | D:10     | Reached skill level 14 in Stealth
 16570 | D:10     | Acquired Dithmenos's fourth power
 17219 | Lair:1   | Entered Level 1 of the Lair of Beasts
 17730 | Lair:1   | Reached XP level 12. HP: 32/51 MP: 14/28
 17751 | Lair:1   | Slain by a blink frog

Action                   |  1- 3 |  4- 6 |  7- 9 | 10-12 || total
-------------------------+-------+-------+-------+-------++-------
Melee: Dagger            |   140 |   212 |   519 |   604 ||  1475
 Cast: Corona            |    18 |    20 |    49 |    24 ||   111
       Ensorcelled Hiber |     4 |    17 |    32 |    85 ||   138
       Tukima's Dance    |       |     1 |       |     1 ||     2
Invok: Shadow Step       |       |       |       |     1 ||     1
Evoke: Wand              |       |       |     3 |       ||     3
  Use: Scroll            |       |     9 |     2 |     2 ||    13
       Potion            |       |       |     5 |     7 ||    12
 Stab: Sleeping          |     6 |    21 |    33 |    97 ||   157
       Distracted        |     1 |     1 |     4 |     9 ||    15
  Eat: Fruit             |       |     4 |     3 |     1 ||     8
       Bread ration      |       |       |     1 |     1 ||     2
       Royal jelly       |       |       |       |     1 ||     1
